 Dungeon Crawl Stone Soup version 0.26.1-11-gd32895ea62 (webtiles) character file.

Game seed: 10158948314849121007

84 Draugr the Slasher (level 4, -1/35 HPs)
             Began as a Human Fighter on June 21, 2021.
             Slain by a gnoll
             ... wielding a +0 spear
              (5 damage)
             ... on level 2 of the Dungeon.
             The game lasted 00:04:48 (2241 turns).

Draugr the Slasher (Human Fighter)                  Turns: 2241, Time: 00:04:49

Health: -1/35      AC:  6    Str: 17    XL:     4   Next: 74%
Magic:  7/7        EV:  7    Int:  9    God:
Gold:   26         SH: 11    Dex: 12    Spells: 7/7 levels left

rFire    . . .     SeeInvis .   a - +0 long sword
rCold    . . .     Faith    .   j - +2 kite shield
rNeg     . . .     Spirit   .   b - +0 scale mail
rPois    .         Reflect  .   (no helmet)
rElec    .         Harm     .   (no cloak)
rCorr    .         Rampage  .   (no gloves)
Will     .....                  (no boots)
Stlth    ..........             (no amulet)
HPRegen  0.11/turn              (no ring)
MPRegen  0.10/turn              (no ring)

@: mighty
A: no striking features
a: no special abilities


You were on level 2 of the Dungeon.
You visited 1 branch of the dungeon, and saw 2 of its levels.

You collected 26 gold pieces.

Inventory:

Hand Weapons
 a - a +0 long sword (weapon)
Armour
 b - a +0 scale mail (worn)
 j - a +2 kite shield (worn)
Scrolls
 c - a scroll of blinking {unknown}
 e - 2 scrolls of remove curse {unknown}
 f - 3 scrolls of identify {unknown}
 g - 6 scrolls of teleportation {unknown}
 i - a scroll of enchant weapon {unknown}
Potions
 d - a potion of might
 h - a potion of heal wounds {unknown}


   Skills:
 - Level 3.0 Fighting
 + Level 3.7 Long Blades
 - Level 3.0 Armour
 - Level 3.0 Shields
 - Level 2.1 Spellcasting


You had 7 spell levels left.
You didn't know any spells.
Your spell library was empty.

Dungeon Overview and Level Annotations

Branches:
Dungeon (2/15)

Altars:
Ashenzari
Hepliaklqana


Message History

The gnoll hits you from afar with a +0 spear.
* * * LOW HITPOINT WARNING * * *
The gnoll hits you with a +0 spear.
* * * LOW HITPOINT WARNING * * *
The gnoll hits you but does no damage. The gnoll barely misses you.
You feel very mighty all of a sudden.
The gnoll hits you from afar with a +0 spear.
* * * LOW HITPOINT WARNING * * *
The gnoll hits you with a +0 spear.
* * * LOW HITPOINT WARNING * * *
You barely miss the gnoll.
The gnoll is severely wounded.
You block the gnoll's attack. The gnoll hits you but does no damage.
You slash the gnoll!
You kill the gnoll!
The gnoll barely misses you. You block the gnoll's attack.
You see here a +0 spear.
You closely miss the gnoll. The gnoll hits you with a +0 spear.
You die...

#. #..... #.### #.....
####...## #.....
#.#.....###### #.....
......[##...######.##<#
###.#.....##.....[....##.#
.....$...# #...#########.#
#.#####.######## #..
#.g@.......[..[# #.#
#######.######.###.#
######.# #..##.#
#...##.######...... #.#
#...รท..........##.. #.#
#...##...###....... #.#
##.##........#.##.. #.#
##.##.##.##..#.##.. #.#
#...#.##.##..#.#...


You could see a gnoll.

Vanquished Creatures
  2 gnolls (D:2)
  An adder (D:2)
  A worm (D:2)
  3 dart slugs
  A leopard gecko (D:2)
  4 bats
  3 giant cockroaches (D:1)
  10 goblins
  A hobgoblin (D:1)
  2 quokkas (D:2)
  5 frilled lizards
  6 kobolds
  4 rats
43 creatures vanquished.

Notes
Turn   | Place    | Note
-------+----------+-------------------------------------------
     0 | D:1      | Draugr the Human Fighter began the quest for the Orb.
     0 | D:1      | Reached XP level 1. HP: 18/18 MP: 1/1
   151 | D:1      | Reached XP level 2. HP: 19/24 MP: 2/2
   481 | D:1      | Reached XP level 3. HP: 27/29 MP: 2/4
   497 | D:1      | Reached skill level 1 in Spellcasting
  1757 | D:2      | Reached XP level 4. HP: 32/35 MP: 7/7
  2104 | D:2      | Found a broken altar of Ashenzari.
  2104 | D:2      | Found a hazy altar of Hepliaklqana.
  2241 | D:2      | Slain by a gnoll

Illustrated notes

Levels and vault maps discovered:
D:1:      amcnicky_arrival_wind_blow, layout_loops_ring,
          serial_co_window_serial, co_window_corner_a, co_window_paths_b,
          co_window_paths_b, co_window_paths_a, co_window_paths_a,
          co_window_paths_c, co_window_of_opportunity_c, co_window_corner_cb,
          co_window_2corner, co_window_corner_cb, co_window_2corner,
          co_window_4corner_b, glass_columns_c, glass_columns_a
D:2:      layout_loops_ring, gammafunk_temple_overflow_statue

Skill      XL: |  1  2  3 |
---------------+----------+-----
Long Blades    | 3 |  3.7
Spellcasting   | 2 |  2.1
Fighting       | |  3.0
Armour         | |  3.0
Shields        | |  3.0

Action                   |  1- 3 |  4- 6 || total
-------------------------+-------+-------++-------
Melee: Long sword        |   109 |    36 ||   145
  Use: Potion            |       |     1 ||     1
Armor: Scale mail        |    43 |    13 ||    56
Dodge: Dodged            |    25 |    15 ||    40
Block: Kite shield       |    42 |    29 ||    71
       Rpst.: Long sword |     9 |     1 ||    10
